[ AOE2 MATCH · #495992674 ]
UnrankedWei vs Shu
Player's team · WIN
Rival team · LOSS
[ REPLAY ANALYSIS · EXTRACTED FROM THE RECORDED GAME ]
Feudal
8:25
Castle
18:43
Imperial
38:03
| APM avg | 60.0 |
| APM peak | 103 |
| eAPM avg | 29.3 |
| Villagers / military | 199 / 57 |
Focus
⚔️ 40.3% · 🌾 59.7%
Unknown (1952) ×215 · Unknown (1944) ×60 · Scout Cavalry ×35 · Mangonel ×12 · Monk ×5 · Archer ×5
Feudal
8:26
Castle
19:10
Imperial
34:33
| APM avg | 52.1 |
| APM peak | 110 |
| eAPM avg | 23.0 |
| Villagers / military | 132 / 324 |
Focus
⚔️ 49.8% · 🌾 50.2%
Archer ×290 · Unknown (1959) ×35 · Scout Cavalry ×30 · Trade Cart ×10 · Unknown (1942) ×8 · Spearman ×4
Match map
Initial resources + every placement click. Lines = walls · curves = elevation contours. ◆ gold · ⬟ stone · ● berries · ✦ relic · ◌ wall gap
Your base· ✓ Closed at 18:43 · 42t walls · 1 gate(s)
pew's base· ✓ Closed at 19:10 · 23t walls · 1 gate(s)
Smoothed initial terrain · ◌ = detected wall gap · hover for details
Inputs per minute
— juiciel - - pew
Build order — juiciel
First 150 of 642 actions detected
| 0:00 | Create | Villager (Male) |
| 0:00 | Create | Villager (Male) |
| 0:02 | Build | House |
| 0:02 | Build | House |
| 0:06 | Build | House |
| 0:23 | Create | Villager (Male) |
| 0:23 | Create | Villager (Male) |
| 1:24 | Create | Villager (Male) |
| 1:48 | Build | Lumber Camp |
| 1:58 | Build | Lumber Camp |
| 2:00 | Create | Villager (Male) |
| 2:00 | Create | Villager (Male) |
| 2:16 | Create | Villager (Male) |
| 2:16 | Create | Villager (Male) |
| 2:47 | Create | Villager (Male) |
| 2:47 | Create | Villager (Male) |
| 3:15 | Create | Villager (Male) |
| 3:23 | Build | House |
| 3:24 | Build | House |
| 3:29 | Create | Villager (Male) |
| 3:50 | Create | Villager (Male) |
| 3:50 | Create | Villager (Male) |
| 4:26 | Create | Villager (Male) |
| 4:47 | Create | Villager (Male) |
| 4:47 | Create | Villager (Male) |
| 4:51 | Build | Mill |
| 5:00 | Research | Loom |
| 6:15 | Research | Feudal Age |
| 7:11 | Create | Villager (Male) |
| 7:42 | Build | Barracks |
| 8:25 | Age | Feudal Age |
| 8:34 | Build | Stable |
| 8:40 | Research | Double-Bit Axe |
| 8:42 | Create | Villager (Male) |
| 8:49 | Build | House |
| 9:00 | Create | Villager (Male) |
| 9:14 | Create | Scout Cavalry |
| 9:21 | Build | Farm |
| 9:29 | Research | Horse Collar |
| 9:29 | Research | Horse Collar |
| 9:37 | Create | Villager (Male) |
| 9:37 | Create | Villager (Male) |
| 9:57 | Build | Farm |
| 10:00 | Build | Farm |
| 10:03 | Create | Villager (Male) |
| 10:25 | Create | Villager (Male) |
| 10:27 | Build | Farm |
| 10:38 | Build | House |
| 10:38 | Build | House |
| 10:40 | Build | Farm |
| 10:48 | Create | Villager (Male) |
| 10:54 | Build | Farm |
| 11:03 | Create | Scout Cavalry |
| 11:06 | Build | House |
| 11:08 | Build | Palisade Wall |
| 11:14 | Create | Villager (Male) |
| 11:14 | Create | Villager (Male) |
| 11:18 | Build | Farm |
| 11:34 | Create | Villager (Male) |
| 11:38 | Build | Farm |
| 11:44 | Build | House |
| 11:46 | Build | Palisade Wall |
| 11:57 | Create | Villager (Male) |
| 12:00 | Build | Farm |
| 12:05 | Build | Palisade Wall |
| 12:20 | Create | Villager (Male) |
| 12:22 | Build | Farm |
| 12:51 | Create | Villager (Male) |
| 12:58 | Build | Blacksmith |
| 13:01 | Create | Villager (Male) |
| 13:13 | Build | Palisade Wall |
| 13:21 | Build | Palisade Wall |
| 13:30 | Build | Farm |
| 13:35 | Build | Farm |
| 13:40 | Create | Villager (Male) |
| 13:55 | Build | Farm |
| 14:08 | Create | Villager (Male) |
| 14:22 | Build | Mining Camp |
| 14:36 | Create | Villager (Male) |
| 14:41 | Create | Villager (Male) |
| 14:47 | Build | Farm |
| 15:00 | Build | Farm |
| 15:02 | Build | Farm |
| 15:29 | Create | Villager (Male) |
| 15:43 | Create | Villager (Male) |
| 16:03 | Research | Castle Age |
| 16:06 | Build | Archery Range |
| 16:42 | Research | Fletching |
| 16:43 | Build | Lumber Camp |
| 17:05 | Research | Gold Mining |
| 17:05 | Research | Gold Mining |
| 17:12 | Research | Bloodlines |
| 17:12 | Research | Bloodlines |
| 17:23 | Create | Villager (Male) |
| 17:42 | Build | Archery Range |
| 18:27 | Build | Palisade Gate |
| 18:43 | Age | Castle Age |
| 18:44 | Create | Unit 1952 |
| 18:44 | Create | Unit 1952 |
| 18:45 | Build | Monastery |
| 18:47 | Research | Bodkin Arrow |
| 18:56 | Research | Bow Saw |
| 19:03 | Create | Unit 1952 |
| 19:07 | Create | Unit 1952 |
| 19:13 | Create | Villager (Male) |
| 19:13 | Create | Villager (Male) |
| 19:22 | Create | Monk |
| 19:37 | Create | Unit 1952 |
| 19:37 | Create | Unit 1952 |
| 19:42 | Create | Villager (Male) |
| 19:54 | Create | Villager (Male) |
| 20:16 | Create | Unit 1952 |
| 20:16 | Create | Unit 1952 |
| 20:18 | Create | Villager (Male) |
| 20:21 | Build | Town Center |
| 20:27 | Create | Unit 1952 |
| 20:27 | Create | Unit 1952 |
| 20:28 | Build | House |
| 20:30 | Build | House |
| 20:35 | Build | House |
| 20:40 | Build | Palisade Wall |
| 20:41 | Create | Villager (Male) |
| 20:44 | Build | House |
| 20:49 | Build | House |
| 20:50 | Build | House |
| 20:55 | Create | Villager (Male) |
| 20:59 | Create | Unit 1952 |
| 21:00 | Create | Unit 1952 |
| 21:15 | Create | Unit 1952 |
| 21:15 | Create | Unit 1952 |
| 21:17 | Research | Husbandry |
| 21:40 | Create | Villager (Male) |
| 21:41 | Create | Villager (Male) |
| 21:44 | Create | Villager (Male) |
| 21:45 | Create | Unit 1952 |
| 21:46 | Create | Unit 1952 |
| 22:00 | Create | Monk |
| 22:19 | Research | Padded Archer Armor |
| 22:23 | Create | Unit 1952 |
| 22:29 | Build | House |
| 22:32 | Create | Villager (Male) |
| 22:32 | Create | Villager (Male) |
| 22:57 | Create | Unit 1952 |
| 22:58 | Create | Unit 1952 |
| 23:04 | Build | Farm |
| 23:06 | Build | Farm |
| 23:11 | Create | Villager (Male) |
| 23:11 | Create | Villager (Male) |
| 23:34 | Create | Unit 1952 |
| 23:34 | Create | Unit 1952 |
Build order — pew
First 150 of 448 actions detected
| 0:00 | Create | Villager (Male) ×4 |
| 0:02 | Build | House |
| 0:02 | Build | House |
| 1:28 | Create | Villager (Male) |
| 1:45 | Build | Lumber Camp |
| 1:58 | Create | Villager (Male) |
| 2:06 | Create | Villager (Male) |
| 2:54 | Create | Villager (Male) |
| 2:54 | Create | Villager (Male) |
| 2:54 | Create | Villager (Male) |
| 3:34 | Create | Villager (Male) |
| 3:35 | Create | Villager (Male) |
| 3:35 | Create | Villager (Male) |
| 3:50 | Build | House |
| 3:51 | Build | House |
| 4:33 | Create | Villager (Male) |
| 4:33 | Create | Villager (Male) |
| 4:46 | Build | Mill |
| 5:16 | Create | Villager (Male) |
| 5:20 | Research | Loom |
| 6:14 | Research | Feudal Age |
| 6:25 | Create | Villager (Male) |
| 7:14 | Build | Barracks |
| 8:15 | Build | Palisade Gate |
| 8:26 | Age | Feudal Age |
| 8:28 | Build | Archery Range |
| 8:31 | Create | Villager (Male) |
| 8:35 | Research | Double-Bit Axe |
| 9:12 | Build | Mining Camp |
| 9:18 | Create | Archer |
| 9:18 | Create | Archer |
| 9:33 | Create | Villager (Male) |
| 9:33 | Create | Villager (Male) |
| 9:39 | Create | Spearman |
| 9:40 | Create | Spearman |
| 9:53 | Create | Villager (Male) |
| 10:00 | Build | House |
| 10:02 | Create | Archer |
| 10:08 | Build | House |
| 10:11 | Create | Spearman |
| 10:14 | Create | Villager (Male) |
| 10:18 | Create | Villager (Male) |
| 10:23 | Create | Villager (Male) |
| 10:25 | Build | Farm |
| 10:38 | Create | Spearman |
| 10:44 | Create | Villager (Male) |
| 10:48 | Create | Archer |
| 11:20 | Build | Blacksmith |
| 11:28 | Create | Villager (Male) |
| 11:36 | Create | Archer |
| 11:45 | Build | House |
| 11:52 | Create | Archer |
| 12:04 | Build | Farm |
| 12:29 | Build | Farm |
| 12:35 | Build | House |
| 12:38 | Build | Palisade Wall |
| 12:39 | Build | Palisade Wall |
| 12:41 | Create | Villager (Male) |
| 12:43 | Build | House |
| 12:44 | Create | Villager (Male) |
| 12:45 | Create | Archer |
| 12:59 | Build | Farm |
| 13:05 | Create | Villager (Male) |
| 13:16 | Build | House |
| 13:20 | Create | Archer |
| 13:20 | Create | Villager (Male) |
| 13:33 | Build | Farm |
| 13:49 | Build | House |
| 13:53 | Build | Palisade Wall |
| 13:54 | Create | Villager (Male) |
| 14:01 | Create | Villager (Male) |
| 14:07 | Build | Farm |
| 14:09 | Build | Farm |
| 14:29 | Build | Farm |
| 14:29 | Create | Villager (Male) |
| 14:36 | Build | Farm |
| 14:38 | Build | Farm |
| 14:40 | Create | Archer |
| 14:41 | Create | Villager (Male) |
| 15:00 | Create | Villager (Male) |
| 15:04 | Build | Farm |
| 15:10 | Create | Villager (Male) |
| 15:15 | Build | Farm |
| 15:57 | Create | Villager (Male) ×5 |
| 16:01 | Create | Archer |
| 16:05 | Build | Market |
| 16:30 | Research | Castle Age |
| 16:30 | Research | Castle Age |
| 16:30 | Create | Archer |
| 16:49 | Build | House |
| 16:51 | Build | Palisade Wall |
| 16:52 | Create | Villager (Male) |
| 16:58 | Research | Fletching |
| 17:01 | Research | Padded Archer Armor |
| 17:03 | Create | Archer |
| 17:17 | Create | Villager (Male) |
| 17:23 | Research | Horse Collar |
| 17:32 | Research | Gold Mining |
| 17:54 | Build | House |
| 17:56 | Build | House |
| 18:10 | Build | Lumber Camp |
| 18:11 | Create | Villager (Male) |
| 18:18 | Create | Archer |
| 18:18 | Create | Archer |
| 18:24 | Create | Villager (Male) |
| 18:59 | Build | House |
| 19:04 | Build | House |
| 19:10 | Age | Castle Age |
| 19:13 | Research | Bodkin Arrow |
| 19:13 | Research | Crossbowman (upgrade) |
| 19:17 | Create | Villager (Male) |
| 19:53 | Build | University |
| 19:56 | Create | Archer |
| 19:57 | Create | Villager (Male) |
| 20:06 | Build | Town Center |
| 20:12 | Create | Archer |
| 20:12 | Create | Archer |
| 20:22 | Create | Villager (Male) |
| 20:30 | Create | Villager (Male) |
| 20:30 | Create | Archer |
| 20:43 | Create | Villager (Male) |
| 20:58 | Create | Villager (Male) |
| 21:22 | Research | Ballistics |
| 21:22 | Research | Ballistics |
| 21:43 | Create | Archer |
| 21:44 | Create | Archer |
| 21:48 | Create | Villager (Male) ×5 |
| 21:51 | Build | Farm |
| 21:51 | Build | Farm |
| 22:03 | Create | Villager (Male) |
| 22:07 | Create | Archer |
| 22:31 | Create | Archer |
| 22:57 | Create | Archer |
| 22:57 | Create | Archer |
| 23:11 | Create | Archer |
| 23:11 | Create | Archer |
| 23:12 | Create | Villager (Male) ×5 |
| 23:36 | Create | Archer |
| 23:36 | Create | Archer |
| 23:36 | Create | Villager (Male) |
| 23:39 | Build | Archery Range |
| 23:41 | Build | Farm |
| 23:41 | Build | Farm |
| 23:41 | Build | Farm |
| 23:41 | Build | Farm |
| 23:41 | Build | Farm |
| 23:49 | Build | Mining Camp |
| 23:50 | Create | Villager (Male) |
| 23:51 | Create | Villager (Male) ×5 |
| 24:07 | Create | Archer |
Match timeline
| 7:14 | pew · first_building Barracks |
| 7:42 | juiciel · first_building Barracks |
| 8:25 | juiciel · age_up feudal |
| 8:26 | pew · age_up feudal |
| 8:28 | pew · first_building Archery Range |
| 8:34 | juiciel · first_building Stable |
| 11:08 | juiciel · wall_segment Palisade Wall x6 |
| 11:46 | juiciel · wall_segment Palisade Wall x8 |
| 12:05 | juiciel · wall_segment Palisade Wall x12 |
| 12:38 | pew · wall_segment Palisade Wall x6 |
| 12:39 | pew · wall_segment Palisade Wall x7 |
| 13:13 | juiciel · wall_segment Palisade Wall x15 |
| 13:21 | juiciel · wall_segment Palisade Wall x1 |
| 13:53 | pew · wall_segment Palisade Wall x6 |
| 16:06 | juiciel · first_building Archery Range |
| 16:51 | pew · wall_segment Palisade Wall x5 |
| 18:43 | juiciel · age_up castle |
| 18:45 | juiciel · first_building Monastery |
| 19:10 | pew · age_up castle |
| 20:40 | juiciel · wall_segment Palisade Wall x1 |
| 27:24 | juiciel · first_building Siege Workshop |
| 30:31 | pew · first_market_sell 100 wood |
| 30:43 | juiciel · first_market_buy 100 stone |
| 30:44 | pew · first_market_buy 100 wood |
| 30:47 | pew · first_building Monastery |
| 32:29 | pew · first_building Castle |
| 34:33 | pew · age_up imperial |
| 34:49 | juiciel · first_market_sell 100 food |
| 35:06 | pew · first_building Siege Workshop |
| 36:31 | juiciel · first_building Castle |
| 38:03 | juiciel · age_up imperial |
| 41:24 | pew · first_building Stable |
| 53:55 | pew · resign |
[ AI ANALYSIS · 1 CREDIT ]
What really happened in this match?
Wolo.gg analyzes every decision: build order, eco, micro, common mistakes by bracket. Personalized analysis on WhatsApp or Discord in 30 seconds.
Civ guide
Wei
Perfil
Jugador #1432672